 Dungeon Crawl Stone Soup version 0.22.1-1-ga44c0e5 (webtiles) character file.

309337 dvd the Sorcerer (level 20, -9/104 HPs)
             Began as a Deep Elf Fire Elementalist on Nov 7, 2018.
             Was the Champion of Vehumet.
             Killed from afar by a raiju (16 damage)
             ... with a living lightning
             ... on level 3 of the Abyss on Nov 8, 2018.
             The game lasted 03:15:35 (50146 turns).

dvd the Sorcerer (Deep Elf Fire Elementalist)      Turns: 50146, Time: 03:15:36

Health: -9/104     AC: 11    Str:  5      XL:     20   Next: 37%
Magic:  9/51       EV: 30    Int: 33 (35) God:    Vehumet [******]
Gold:   2758       SH: 15    Dex: 27      Spells: 15/69 levels left

rFire    + . .     SeeInvis +   a - +9 falchion (protect)
rCold    . . .     Gourm    .   Y - +3 buckler {rF+}
rNeg     + . .     Faith    .   S - +2 robe of the Shining Light {*Drain rPois Regen+ SInv}
rPois    +         Spirit   .   y - +2 helmet
rElec    .         Reflect  +   V - -3 cloak "Unwuogu" {rCorr Dex+6}
rCorr    +         Harm     .   E - +2 pair of gloves {Dex+3}
MR       +++..                  b - +1 pair of boots
Stlth    +++++.....             D - +5 amulet of reflection
HPRegen  0.67/turn              K - ring of the Lumpy Demons {rPois rN+ MR+ Dex+3 Stlth+}
MPRegen  0.32/turn              I - +5 ring of intelligence

@: no status effects
A: mutation resistance 1
}: 2/15 runes: decaying, gossamer
a: Renounce Religion


You were on level 3 of the Abyss.
You worshipped Vehumet.
Vehumet was exalted by your worship.
You were hungry.

You visited 7 branches of the dungeon, and saw 34 of its levels.
You visited the Abyss 1 time.
You also visited: Labyrinth and Ice Cave.

You collected 4065 gold pieces.
You spent 1307 gold pieces at shops.

Inventory:

Hand Weapons
 a - a +9 falchion of protection (weapon)
 d - a +5 falchion of freezing
 f - a +3 scimitar of holy wrath
Armour
 b - a +1 pair of boots (worn)
 y - a +2 helmet (worn)
 E - a +2 pair of gloves of dexterity (worn)
 S - the +2 robe of the Shining Light (worn) {*Drain rPois Regen+ SInv}
   (You found it on level 2 of the Lair of Beasts)

   It protects you from poison.
   It lets you see invisible.
   It increases your rate of regeneration.
   It causes draining when unequipped.
 T - the +0 pair of fencer's gloves {+Riposte Dex+3}
   (You found it on level 5 of the Lair of Beasts)

   It affects your dexterity (+3).
 V - the -3 cloak "Unwuogu" (worn) {rCorr Dex+6}
   (You found it in a labyrinth)

   It affects your dexterity (+6).
   It provides partial protection from all sources of acid and corrosion.
 Y - a +3 buckler of fire resistance (worn)
Magical Staves
 u - an uncursed staff of fire
 N - an uncursed staff of cold
Jewellery
 n - an uncursed ring of protection from cold
 D - a +5 amulet of reflection (around neck)
 I - a +5 ring of intelligence (right hand)
 K - the ring of the Lumpy Demons (left hand) {rPois rN+ MR+ Dex+3 Stlth+}
   (You acquired it on level 2 of the Swamp)

   [ring of stealth]

   It affects your dexterity (+3).
   It protects you from poison.
   It protects you from negative energy.
   It affects your resistance to hostile enchantments.
   It makes you more stealthy.
 Q - the ring "Ponapas" {Fire +Blink SInv}
   (You found it on level 1 of the Lair of Beasts)

   [ring of fire]

   It enhances your fire magic.
   It protects you from fire.
   It makes you vulnerable to cold.
   It lets you see invisible.
   It lets you blink.
 W - an uncursed amulet of magic regeneration
Wands
 s - a wand of iceblast (24)
 v - a wand of digging (7)
 C - a wand of scattershot (2)
 G - a wand of paralysis (25)
 H - a wand of flame (101)
 P - a wand of clouds (8)
 U - a wand of acid (31)
Scrolls
 e - 16 scrolls of identify
 g - 10 scrolls of amnesia
 h - a scroll of fear
 i - a scroll of summoning
 l - 3 scrolls of magic mapping
 m - 12 scrolls of remove curse
 o - a scroll of holy word
 q - 8 scrolls of fog
 B - 4 scrolls of teleportation
 F - 4 scrolls of blinking
 L - a scroll of brand weapon
Potions
 j - 3 potions of resistance
 k - 4 potions of brilliance
 p - 14 potions of curing
 r - 6 potions of heal wounds
 t - a potion of mutation
 w - a potion of invisibility
 x - 3 potions of haste
 z - 9 potions of flight
 A - 4 potions of might
 J - 6 potions of ambrosia
 M - 9 potions of agility
 O - 2 potions of magic
 R - 2 potions of cancellation
 Z - 3 potions of berserk rage
Comestibles
 c - 47 rations
 X - a chunk of flesh


   Skills:
 + Level 4.9 Fighting
   Level 3.5(5.4) Short Blades
 + Level 5.8(6.2) Long Blades
 + Level 4.6 Armour
 + Level 15.6 Dodging
 + Level 6.5 Stealth
 + Level 5.2 Shields
 + Level 25.1 Spellcasting
 + Level 17.7 Conjurations
 + Level 3.4 Translocations
 + Level 3.1 Transmutations
 + Level 19.2 Fire Magic
 + Level 1.4 Ice Magic
 + Level 4.6 Air Magic
 + Level 4.9 Poison Magic
 + Level 1.2 Evocations


You had 15 spell levels left.
You knew the following spells:

 Your Spells              Type           Power        Failure   Level  Hunger
a - Flame Tongue          Conj/Fire      #####        0%          1    None
b - Throw Flame           Conj/Fire      ######       0%          2    None
c - Sticky Flame          Conj/Fire      ########     0%          4    None
d - Fireball              Conj/Fire      ########..   0%          5    None
e - Shock                 Conj/Air       ####         0%          1    None
f - Static Discharge      Conj/Air       #######.     0%          3    None
g - Irradiate             Conj/Tmut      #######...   1%          5    None
h - Olgreb's Toxic Radia  Pois           ######..     1%          4    None
i - Lightning Bolt        Conj/Air       #######...   1%          5    None
j - Force Lance           Conj/Tloc      #######.     1%          4    None
k - Bolt of Cold          Conj/Ice       #######...   1%          6    None
l - Freezing Cloud        Conj/Ice/Air   #######...   1%          6    None
m - Ignition              Fire           ########..   1%          8    ##.....

Your spell library contained the following spells:

 Spells                   Type           Power        Failure   Level  Hunger
 Fire Storm               Conj/Fire      ########..   9%          9    ####...
 Shatter                  Erth           #####.....   100%        9    ####...
 Sting                    Conj/Pois      ####         0%          1    None
 Conjure Flame            Conj/Fire      ########     0%          3    None
 Sandblast                Erth           #####.       1%          1    None
 Passwall                 Tmut/Erth      ######..     1%          2    None
 Poisonous Vapours        Pois/Air       ######       1%          2    None
 Gell's Gravitas          Tloc           ######....   1%          3    None
 Inner Flame              Hex/Fire       #######.     1%          3    None
 Mephitic Cloud           Conj/Pois/Air  #######.     1%          3    None
 Portal Projectile        Hex/Tloc       ######       1%          3    None
 Stone Arrow              Conj/Erth      ######       1%          3    None
 Venom Bolt               Conj/Pois      #######...   1%          5    None
 Petrify                  Tmut/Erth      ######..     3%          4    None
 Lee's Rapid Deconstruct  Erth           #####.....   4%          5    None
 Dispersal                Tloc           ######....   22%         6    None
 Controlled Blink         Tloc           N/A          100%        8    ##.....
 Disjunction              Tloc           ######....   100%        8    ##.....
 Tornado                  Air            ######....   100%        9    ####...


Dungeon Overview and Level Annotations

Branches:
Dungeon (15/15)            Temple (0/1) D:6            Lair (6/6) D:8
  Swamp (4/4) Lair:3       Spider (4/4) Lair:2        Slime (0/5) Lair:5
    Orc (2/2) D:9             Elf (1/3) Orc:2        Vaults (2/5) D:13
  Crypt (0/3) Vaults:2     Depths (0/5) D:15

Altars:
Ashenzari
Dithmenos
Elyvilon
Gozag
Hepliaklqana
Makhleb
Okawaru
Qazlal
Trog
Vehumet
Wu Jian
Xom
Yredelemnul
The Shining One
Beogh
Jiyva

Shops:
D:5 !   D:15 %   Orc:2 [(*[   Elf:1 *!

Annotations:
Lair:5 Rupert


Innate Abilities, Weirdness & Mutations

You are somewhat resistant to further mutation.


Message History

The raiju bursts into living lightning!
The living lightning hits you!
The raiju blinks!
The neqoxec shouts!
The eidolon gives a chilling moan.
You hear a bark!
The raiju bursts into living lightning!
The living lightning hits you!
* * * LOW HITPOINT WARNING * * *
The living lightning misses you.
The raiju blinks!
Unknown command.
You feel much better.
A raiju comes into view.
The eidolon stares piercingly at you. The bolt of negative energy misses you.
The long sword of holy wrath hits you!
* * * LOW HITPOINT WARNING * * *
The raiju bursts into living lightning!
The living lightning misses you. x2; The raiju blinks!
The brown very ugly thing basks in the mutagenic energy from its kin and The raiju bursts into living lightning!
The living lightning hits you!
You die...

# #.X...#.X....# ##.
.......... ...
#.....#.....# ....
##..X###W..###...# ..
#.....#.....#.....
h..§......uX...§......
......h...3.u.h.......
#.....#... .#(....#.
##...###...###@..## ##
# ##.## ##.## #. ...
... . ###### ###.. 8#
#


You could see 2 very ugly things, a tentacled starspawn, an eidolon, a large
abomination, a raiju and a long sword of holy wrath.

Vanquished Creatures
  the Lernaean hydra (Swamp:4)
  Asterion (Spider:1)
  A tentacled starspawn (Abyss:3)
  A sphinx (shapeshifter) (Vaults:2)
  2 sphinxes
  Gastronok (D:8)
  3 thorn hunters
  A revenant (Vaults:2)
  A fire giant (Vaults:2)
  2 storm dragons (D:13)
  2 frost giants
  6 emperor scorpions
  2 deep elf sorcerers
  8 vault wardens
  7 ironheart preservers
  4 ghost moths (Spider:4)
  5 very ugly things (Vaults:2)
  2 stone giants (Vaults:2)
  An entropy weaver (Spider:4)
  Nessos (D:15)
  4 deep elf annihilators (Vaults:2)
  A minotaur (Lab)
  A spark wasp (Spider:3)
  The ghost of Lauz the Severer, a journeyman MiBe of Trog (D:13)
  Snorg (D:13)
  3 deep elf death magi
  A fire dragon (D:15)
  3 yaktaur captains (Vaults:2)
  A merfolk impaler (D:12)
  Josephine (D:13)
  A vault guard (Vaults:1)
  10 ogre magi
  22 hydras
  The ghost of bmj180 the Cleaver, a journeyman MiFi of Okawaru (D:12)
  A naga warrior (D:12)
  The ghost of whitewolfNL the Basher, a journeyman MiBe of Trog (Lair:1)
  4 catoblepae (Lair:6)
  10 centaur warriors
  The ghost of kae the Cleaver, a novice HOFi of Makhleb (D:10)
  5 ghost crabs
  A dancing weapon (Elf:1)
  13 alligators
  7 death yaks (Lair:6)
  A queen ant (shapeshifter) (Vaults:2)
  6 tengu warriors
  34 two-headed ogres
  A deep troll shaman (Vaults:2)
  2 vampire magi
  A wretched star (Abyss:3)
  3 deep elf knights
  2 skeletal warriors (D:15)
  A sixfirhy (Abyss:3)
  3 spriggan druids
  3 unseen horrors
  5 deep trolls
  5 shambling mangroves
  2 glowing orange brains (Vaults:2)
  15 swamp dragons
  3 necromancers
  5 ironbrand convokers
  3 wizards
  A lindwurm (Lair:5)
  5 deep elf archers
  A harpy (shapeshifter) (Vaults:1)
  A lindwurm (shapeshifter) (Vaults:2)
  24 wolf spiders
  9 orc knights
  4 harpies (Vaults:2)
  An orb spider (shapeshifter) (Elf:1)
  18 orb spiders
  A wolf spider zombie (D:14)
  4 oklob plants (Lair:5)
  5 cyclopes
  23 ugly things
  29 deep elf magi
  An iron dragon zombie (D:15)
  3 manticores
  14 elephants
  3 ice statues (IceCv)
  3 torpor snails
  5 vault sentinels
  5 black mambas
  3 moths of wrath
  A guardian serpent (shapeshifter) (D:14)
  18 spiny frogs
  A gargoyle (D:11)
  14 rime drakes
  3 kobold demonologists
  15 demonic crawlers
  5 komodo dragons
  32 yaktaurs
  A tengu conjurer (D:12)
  8 ice devils (IceCv)
  A freezing wraith (Vaults:2)
  27 jumping spiders
  12 trolls
  3 meliai (D:13)
  Grinder (D:3)
  18 tyrant leeches
  17 hornets
  24 slime creatures
  A hornet (shapeshifter) (Vaults:2)
  A polar bear (Lair:6)
  10 hippogriffs
  17 dream sheep (Lair:5)
  A hippogriff (shapeshifter) (D:13)
  16 blink frogs
  7 bog bodies
  An ice dragon zombie (D:15)
  3 raiju (Abyss:3)
  5 starcursed masses (Abyss:3)
  A shadow (Swamp:2)
  2 air elementals
  32 tarantellas
  2 water elementals (Elf:1)
  56 redbacks
  51 yaks
  9 spriggans
  11 wyverns
  7 wraiths
  4 hogs (D:7)
  A human (D:7)
  2 hungry ghosts
  A neqoxec (Abyss:3)
  A warg (Orc:2)
  11 basilisks
  A chaos spawn (Abyss:3)
  A steam dragon (Lair:4)
  17 vampire mosquitoes
  20 swamp worms
  3 large abominations (Abyss:3)
  A soldier ant (D:12)
  An acid dragon (Vaults:2)
  2 tengu zombies (D:15)
  5 spatial vortices (Abyss:3)
  Duvessa (D:5)
  18 water moccasins
  13 porcupines
  3 black bears
  4 ice beasts
  34 orc warriors
  A black mamba simulacrum (Lair:1)
  6 sky beasts
  4 phantoms
  10 swamp drakes
  An eye of draining (D:13)
  39 ogres
  7 wolves
  7 boggarts
  13 centaurs
  17 crocodiles
  3 big kobolds (D:13)
  25 bullfrogs
  A wyvern zombie (D:8)
  A gnoll sergeant (D:6)
  An earth elemental (Elf:1)
  A spiny frog simulacrum (Lair:1)
  6 scorpions
  Dowan (D:5)
  8 electric eels
  15 wights
  2 howler monkeys
  3 bullfrog zombies
  6 crimson imps
  A draconian simulacrum (IceCv)
  A wyvern simulacrum (Lair:1)
  2 quasits
  3 centaur zombies
  A hippogriff simulacrum (Lair:1)
  21 orc priests
  3 centaur skeletons
  5 hounds
  4 jellies
  4 bullfrog skeletons
  Crazy Yiuf (D:2)
  Jessica (D:3)
  An iguana (D:4)
  12 orc wizards
  A yak simulacrum (Lair:1)
  2 troll simulacra (IceCv)
  2 spriggan simulacra (IceCv)
  13 worker ants
  A killer bee zombie (D:8)
  3 centaur simulacra (IceCv)
  A basilisk simulacrum (Lair:1)
  A hound zombie (D:8)
  A hound skeleton (D:4)
  4 worker ant zombies
  Robin (D:3)
  A crocodile simulacrum (Lair:1)
  4 gnolls
  12 adders
  A naga simulacrum (IceCv)
  An ogre simulacrum (IceCv)
  2 shadow imps
  An ooze (D:1)
  3 adder skeletons
  2 worms
  4 dart slugs
  4 leopard geckos
  83 orcs
  6 bats
  7 giant cockroaches
  9 hobgoblins
  12 jackals
  2 quokkas
  4 ball pythons
  9 frilled lizards
  22 goblins
  13 kobolds
  7 rats
  A bush (Lair:5)
  3 fungi
  5 plants
  A starspawn tentacle (Abyss:3)
  A withered plant (D:15)
1470 creatures vanquished.

Vanquished Creatures (others)
  A centaur warrior (Vaults:2)
  A deep elf knight (Vaults:2)
  2 yaktaurs (Vaults:2)
  A hornet (Swamp:3)
  A large abomination (Abyss:3)
  A centaur (D:15)
  13 fungi
  92 plants
  9 starspawn tentacles (Abyss:3)
  3 withered plants (D:15)
124 creatures vanquished.

Grand Total: 1594 creatures vanquished

Notes
Turn   | Place    | Note
-------+----------+-------------------------------------------
     0 | D:1      | dvd the Deep Elf Fire Elementalist began the quest for the
                  | Orb.
     0 | D:1      | Reached XP level 1. HP: 10/10 MP: 6/6
   114 | D:1      | Reached XP level 2. HP: 8/15 MP: 0/8
   604 | D:1      | Learned a level 2 spell: Throw Flame
   629 | D:1      | Reached XP level 3. HP: 18/19 MP: 0/10
  1396 | D:2      | Reached XP level 4. HP: 24/24 MP: 0/11
  1402 | D:2      | Learned a level 4 spell: Sticky Flame
  1630 | D:2      | Found a runed door.
  1634 | D:2      | Noticed Crazy Yiuf
  1636 | D:2      | Killed Crazy Yiuf
  1636 | D:2      | Reached skill level 4 in Spellcasting
  1825 | D:2      | Reached XP level 5. HP: 22/28 MP: 1/13
  1918 | D:2      | Found a faded altar of an unknown god.
  1925 | D:2      | Learned a level 5 spell: Fireball
  2267 | D:2      | Found a radiant altar of Vehumet.
  2268 | D:2      | Found a shimmering altar of Xom.
  2275 | D:2      | Became a worshipper of Vehumet
  2465 | D:3      | Noticed Jessica
  2469 | D:3      | Killed Jessica
  2519 | D:3      | Noticed Grinder
  2530 | D:3      | Killed Grinder
  2530 | D:3      | Reached skill level 5 in Spellcasting
  2530 | D:3      | Reached skill level 5 in Fire Magic
  2530 | D:3      | Reached XP level 6. HP: 32/33 MP: 4/16
  2690 | D:3      | Noticed Robin
  2697 | D:3      | Killed Robin
  2790 | D:3      | Reached * piety under Vehumet
  2790 | D:3      | Offered knowledge of Shock by Vehumet.
  2793 | D:3      | Learned a level 1 spell: Shock
  3252 | D:4      | Found an opulent altar of Gozag.
  3290 | D:4      | Reached skill level 6 in Spellcasting
  3290 | D:4      | Reached XP level 7. HP: 37/37 MP: 8/18
  3614 | D:4      | Reached skill level 7 in Spellcasting
  3857 | D:4      | Found an iron altar of Okawaru.
  3907 | D:4      | Found a hazy altar of Hepliaklqana.
  4058 | D:5      | Entered Level 5 of the Dungeon
  4069 | D:5      | Found Fofuki Apse's Distillery.
  4075 | D:5      | Bought a potion of heal wounds for 70 gold pieces
  4365 | D:5      | Reached XP level 8. HP: 42/42 MP: 12/21
  4410 | D:5      | Reached skill level 5 in Conjurations
  4508 | D:5      | Found a bloodstained altar of Trog.
  4512 | D:5      | Found an ornate altar of the Wu Jian Council.
  4577 | D:5      | Found a stormy altar of Qazlal.
  4634 | D:5      | Reached ** piety under Vehumet
  4703 | D:5      | Noticed Duvessa
  4703 | D:5      | Noticed Dowan
  4711 | D:5      | Killed Dowan
  4711 | D:5      | Offered knowledge of Searing Ray by Vehumet.
  4726 | D:5      | Killed Duvessa
  4726 | D:5      | Reached skill level 1 in Armour
  4726 | D:5      | Reached skill level 8 in Spellcasting
  5780 | D:5      | Found a glowing golden altar of the Shining One.
  5914 | D:6      | Reached XP level 9. HP: 46/46 MP: 14/23
  6073 | D:6      | Found a shattered altar of Ashenzari.
  6094 | D:6      | Reached skill level 9 in Spellcasting
  6266 | D:6      | Found a staircase to the Ecumenical Temple.
  6517 | D:7      | Noticed a two-headed ogre
  6522 | D:7      | Killed a two-headed ogre
  6522 | D:7      | Reached skill level 10 in Spellcasting
  6694 | D:7      | Reached skill level 1 in Air Magic
  6706 | D:7      | Reached skill level 1 in Fighting
  7261 | D:7      | Reached XP level 10. HP: 46/52 MP: 21/26
  7364 | D:7      | Found a basalt altar of Yredelemnul.
  7424 | D:7      | Found a white marble altar of Elyvilon.
  7452 | D:7      | Gained mutation: You are somewhat resistant to further
                  | mutation. [potion of mutation]
  7569 | D:8      | Offered knowledge of Static Discharge by Vehumet.
  7809 | D:8      | Reached *** piety under Vehumet
  7815 | D:8      | Learned a level 3 spell: Static Discharge
  7906 | D:8      | Reached skill level 1 in Short Blades
  7970 | D:8      | Found a staircase to the Lair.
  8224 | D:8      | Reached skill level 11 in Spellcasting
  8588 | D:9      | Noticed Gastronok
  8591 | D:9      | Offered knowledge of Ignite Poison by Vehumet.
  9227 | D:8      | Killed Gastronok
  9706 | D:9      | Found a shadowy altar of Dithmenos.
  9730 | D:9      | Reached **** piety under Vehumet
  9777 | D:9      | Reached skill level 12 in Spellcasting
  9777 | D:9      | Reached XP level 11. HP: 38/57 MP: 0/29
  9805 | D:9      | Offered knowledge of Irradiate by Vehumet.
  9816 | D:9      | Learned a level 5 spell: Irradiate
  9990 | D:9      | Found a staircase to the Orcish Mines.
 10035 | D:9      | Found a burning altar of Makhleb.
 10125 | D:10     | Entered Level 10 of the Dungeon
 10357 | D:10     | Reached skill level 10 in Fire Magic
 10367 | D:10     | Found a radiant altar of Vehumet.
 10471 | D:10     | Found a runed gate.
 10472 | D:10     | Found a runed gate.
 10473 | D:10     | Found a runed gate.
 10474 | D:10     | Noticed kae's ghost (novice HOFi)
 10549 | D:10     | Killed kae's ghost
 11153 | D:10     | Reached skill level 10 in Conjurations
 11472 | D:10     | Noticed an unseen horror
 11475 | D:10     | Killed an unseen horror
 11475 | D:10     | Reached skill level 13 in Spellcasting
 11688 | Lair:1   | Entered Level 1 of the Lair of Beasts
 11878 | Lair:1   | Identified a scroll of acquirement
 11879 | Lair:1   | Got a pair of faintly glowing gloves
 11885 | Lair:1   | Identified the +2 pair of gloves of Feylofu Cavy {-Tele
                  | rCorr Str+3} (You acquired it on level 1 of the Lair of
                  | Beasts)
 11980 | Lair:1   | Noticed whitewolfNL's ghost (journeyman MiBe)
 11999 | Lair:1   | Reached skill level 5 in Dodging
 12071 | Lair:1   | Found a runed gate.
 12071 | Lair:1   | Found a runed gate.
 12071 | Lair:1   | Found a runed gate.
 12544 | Lair:2   | Found a hole to the Spider Nest.
 12774 | Lair:2   | Got an ancient robe
 12785 | Lair:2   | Identified the +2 robe of the Shining Light {*Drain rPois
                  | Regen+ SInv} (You found it on level 2 of the Lair of
                  | Beasts)
 13016 | Lair:2   | Reached XP level 12. HP: 42/62 MP: 11/31
 13016 | Lair:2   | Reached skill level 14 in Spellcasting
 13786 | Lair:3   | Reached ***** piety under Vehumet
 13786 | Lair:3   | Offered knowledge of Olgreb's Toxic Radiance by Vehumet.
 14049 | Lair:3   | Found a staircase to the Swamp.
 14056 | Lair:3   | Learned a level 4 spell: Olgreb's Toxic Radiance
 14110 | Lair:3   | Got a steaming robe
 14111 | Lair:3   | Identified the +0 robe "Amereri" {rC++} (You found it on
                  | level 3 of the Lair of Beasts)
 14139 | Lair:3   | Reached skill level 1 in Transmutations
 14722 | Lair:3   | Reached skill level 15 in Spellcasting
 15035 | Lair:4   | Reached skill level 5 in Stealth
 15039 | Lair:4   | Noticed a four-headed hydra
 15052 | Lair:4   | Killed a four-headed hydra
 15489 | Lair:1   | Killed whitewolfNL's ghost
 15489 | Lair:1   | Reached XP level 13. HP: 66/68 MP: 22/34
 15864 | Lair:1   | Got the ring "Ponapas" {Fire}
 15866 | Lair:1   | Identified the ring "Ponapas" {Fire +Blink SInv} (You found
                  | it on level 1 of the Lair of Beasts)
 16411 | Lair:4   | Reached skill level 16 in Spellcasting
 17119 | Lair:5   | Found the +0 pair of fencer's gloves {+Riposte Dex+3}
 17451 | Lair:5   | Found a viscous altar of Jiyva.
 17453 | Lair:5   | Found a staircase to the Slime Pits.
 17477 | Lair:5   | Offered knowledge of Airstrike by Vehumet.
 17840 | Lair:5   | Noticed Rupert
 18057 | Lair:5   | Reached skill level 17 in Spellcasting
 18603 | Lair:5   | Reached skill level 1 in Long Blades
 19075 | Lair:6   | Entered Level 6 of the Lair of Beasts
 19239 | Lair:6   | Reached XP level 14. HP: 72/72 MP: 23/37
 20161 | Lair:6   | Offered knowledge of Bolt of Magma by Vehumet.
 21117 | Lair:6   | Reached skill level 18 in Spellcasting
 21512 | Orc:1    | Entered Level 1 of the Orcish Mines
 21632 | Orc:2    | Entered Level 2 of the Orcish Mines
 21632 | Orc:2    | Found a staircase to the Elven Halls.
 22133 | Orc:1    | Offered knowledge of Lightning Bolt by Vehumet.
 22142 | Orc:1    | Learned a level 5 spell: Lightning Bolt
 22662 | Orc:2    | Reached skill level 1 in Poison Magic
 22920 | Orc:2    | Reached skill level 10 in Dodging
 23006 | Orc:2    | Found Jyiros's Antique Armour Emporium.
 23007 | Orc:2    | Found Fualucs's General Store.
 23012 | Orc:2    | Found Waticw Pyach's Antique Weapon Boutique.
 23021 | Orc:2    | Found Lifuram's Antique Armour Emporium.
 23085 | Orc:2    | Bought a runed buckler for 240 gold pieces
 23104 | Orc:2    | Bought a heavily runed chain mail for 247 gold pieces
 23104 | Orc:2    | Identified the +0 chain mail "Wijuar" {Str+6 Stlth-} (You
                  | bought it in a shop on level 2 of the Orcish Mines)
 23112 | Orc:2    | Bought a potion of mutation for 128 gold pieces
 23112 | Orc:2    | Bought a scroll of teleportation for 48 gold pieces
 23249 | D:11     | Reached XP level 15. HP: 78/78 MP: 28/39
 23962 | D:11     | Offered knowledge of Bolt of Cold by Vehumet.
 24577 | D:12     | Found a runed gate.
 24577 | D:12     | Found a runed gate.
 24577 | D:12     | Found a runed gate.
 24578 | D:12     | Found an iron altar of Okawaru.
 24578 | D:12     | Noticed bmj180's ghost (journeyman MiFi)
 24594 | D:12     | Found a labyrinth entrance.
 24619 | Lab      | Entered a labyrinth
 25463 | Lab      | Got a warped iron ring
 25465 | Lab      | Identified the ring "Wiafar" {*Corrode Dex+5 SInv} (You
                  | found it in a labyrinth)
 25471 | Lab      | Got a crude short sword
 25471 | Lab      | Got a spiked cloak
 25472 | Lab      | Identified the cursed +0 short sword of Might {elec, +Rage}
                  | (You found it in a labyrinth)
 25503 | Lab      | Identified the cursed -3 cloak "Unwuogu" {rCorr Dex+6} (You
                  | found it in a labyrinth)
 25706 | D:12     | Learned a level 4 spell: Force Lance
 25844 | D:12     | Learned a level 6 spell: Bolt of Cold
 26424 | D:12     | Killed bmj180's ghost
 26430 | D:12     | Reached skill level 19 in Spellcasting
 26696 | D:13     | Found a frozen archway.
 26765 | IceCv    | Entered an ice cave
 26777 | IceCv    | Reached skill level 1 in Translocations
 27452 | IceCv    | Reached skill level 1 in Shields
 27905 | D:13     | Found a runed door.
 27951 | D:13     | Noticed a storm dragon
 27971 | D:13     | Noticed Josephine
 27975 | D:13     | Killed Josephine
 28126 | D:13     | Reached skill level 15 in Conjurations
 28200 | D:13     | Noticed Snorg
 28227 | D:13     | Killed Snorg
 28239 | D:13     | Offered knowledge of Conjure Ball Lightning by Vehumet.
 28736 | D:13     | Killed a storm dragon
 29030 | D:13     | Noticed a storm dragon
 29175 | D:13     | Found a runed door.
 29176 | D:13     | Noticed Lauz's ghost (journeyman MiBe)
 29256 | D:13     | Reached XP level 16. HP: 83/83 MP: 25/41
 29503 | D:13     | Found a gate to the Vaults.
 29802 | D:13     | Killed a storm dragon
 29802 | D:13     | Reached skill level 15 in Fire Magic
 30094 | Spider:1 | Entered Level 1 of the Spider Nest
 30314 | Spider:1 | Noticed Asterion
 30320 | Spider:1 | Killed Asterion
 30625 | Spider:1 | Offered knowledge of Freezing Cloud by Vehumet.
 30635 | Spider:1 | Learned a level 6 spell: Freezing Cloud
 30769 | Spider:1 | Got a pair of heavily runed gloves
 30770 | Spider:1 | Identified the +1 pair of gloves of Xasmui {Str+2} (You
                  | found it on level 1 of the Spider Nest)
 31345 | Spider:2 | Got a crude leather armour
 31347 | Spider:2 | Identified the +1 leather armour "Tomonate" {Int+3 SInv}
                  | (You found it on level 2 of the Spider Nest)
 31806 | Spider:2 | Reached skill level 20 in Spellcasting
 32966 | Spider:3 | Reached ****** piety under Vehumet
 33379 | Spider:3 | Reached skill level 15 in Dodging
 33746 | Spider:4 | Entered Level 4 of the Spider Nest
 34580 | Spider:4 | Reached XP level 17. HP: 88/88 MP: 35/43
 34912 | Spider:4 | Got a distressingly furry cloak
 34913 | Spider:4 | Identified the cursed -7 cloak of Fortitude {Str+2} (You
                  | found it on level 4 of the Spider Nest)
 34975 | Spider:4 | Reached skill level 1 in Evocations
 36245 | Spider:4 | Offered knowledge of Fire Storm by Vehumet.
 36245 | Spider:4 | Offered knowledge of Shatter by Vehumet.
 36245 | Spider:4 | Offered knowledge of Ignition by Vehumet.
 36256 | Spider:4 | Learned a level 8 spell: Ignition
 36489 | Spider:4 | Reached skill level 21 in Spellcasting
 36619 | Spider:4 | Got a gossamer rune of Zot
 36897 | Swamp:1  | Entered Level 1 of the Swamp
 38143 | Swamp:2  | Identified the +3 shield of Kixec {Dex+2} (You found it on
                  | level 2 of the Swamp)
 38623 | Swamp:2  | Got a shimmering amber ring
 38625 | Swamp:2  | Identified the ring of the Lumpy Demons {rPois rN+ MR+
                  | Dex+3 Stlth+} (You acquired it on level 2 of the Swamp)
 40386 | Swamp:4  | Entered Level 4 of the Swamp
 40395 | Swamp:4  | Reached XP level 18. HP: 95/95 MP: 40/45
 41108 | Swamp:4  | Reached skill level 5 in Long Blades
 41362 | Swamp:4  | Reached skill level 22 in Spellcasting
 41872 | Swamp:4  | Noticed the 27-headed Lernaean hydra
 41881 | Swamp:4  | Killed the 27-headed Lernaean hydra
 42075 | Swamp:4  | Got a decaying rune of Zot
 43139 | D:14     | Reached skill level 1 in Ice Magic
 43499 | D:15     | Entered Level 15 of the Dungeon
 43512 | D:15     | Noticed Nessos
 43518 | D:15     | Killed Nessos
 43900 | D:15     | Found a staircase to the Depths.
 44342 | D:15     | Found Leniacu's Food Shop.
 44580 | D:13     | Killed Lauz's ghost
 44728 | Vaults:1 | Entered Level 1 of the Vaults
 45030 | Vaults:1 | Found a roughly hewn altar of Beogh.
 45367 | Vaults:1 | Reached skill level 23 in Spellcasting
 45688 | Vaults:1 | Reached XP level 19. HP: 100/100 MP: 45/48
 46985 | Vaults:2 | Reached skill level 24 in Spellcasting
 47440 | Vaults:2 | Reached skill level 5 in Shields
 47669 | Vaults:2 | Found a shattered altar of Ashenzari.
 48087 | Vaults:2 | Reached XP level 20. HP: 104/104 MP: 32/50
 48582 | Vaults:2 | Found a staircase to the Crypt.
 49108 | Elf:1    | Entered Level 1 of the Elven Halls
 49230 | Elf:1    | Found Vuvu's Distillery.
 49366 | Elf:1    | Bought a potion of heal wounds for 80 gold pieces
 49366 | Elf:1    | Bought a potion of heal wounds for 80 gold pieces
 49366 | Elf:1    | Bought a potion of curing for 48 gold pieces
 49366 | Elf:1    | Bought a potion of might for 64 gold pieces
 49366 | Elf:1    | Bought a potion of might for 64 gold pieces
 49523 | Elf:1    | Found Budghoda's Assorted Antiques.
 49554 | Elf:1    | Bought a wand of flame (21) for 34 gold pieces
 49554 | Elf:1    | Bought a potion of curing for 102 gold pieces
 49554 | Elf:1    | Bought a potion of curing for 102 gold pieces
 49927 | Elf:1    | Reached skill level 25 in Spellcasting
 49929 | Elf:1    | Cast into level 3 of the Abyss (a deep elf sorcerer)
 50144 | Abyss:3  | HP: 4/104 [raiju/living lightning (17)]
 50146 | Abyss:3  | Killed from afar by a raiju

Skill      XL: |  1  2  3  4  5  6  7  8  9 10 11 12 13 14 15 16 17 18 19 20 |
---------------+-------------------------------------------------------------+-----
Fire Magic     | 4 5 6 7 8 9 11 12 13 14 15 16 17 18 19 | 19.2
Spellcasting   | 4 5 6 7 8 10 12 13 15 17 18 19 20 21 23 24 25 | 25.1
Conjurations   | 2 3 4 6 7 9 10 12 13 14 15 16 17 | 17.7
Stealth        | 3 4 5 6 |  6.5
Dodging        | 3 4 5 6 10 12 15 | 15.6
Armour         | 2 3 4 |  4.6
Air Magic      | 1 2 3 4 |  4.6
Fighting       | 1 2 3 4 |  4.9
Short Blades   | 2 3 |  3.5
Transmutations | 2 3 |  3.1
Long Blades    | 1 3 4 5 |  5.8
Poison Magic   | 1 2 4 |  4.9
Translocations | 2 3 |  3.4
Shields        | 1 2 3 4 5 |  5.2
Evocations     | 1 |  1.2
Ice Magic      | 1 |  1.4

Action                   |  1- 3 |  4- 6 |  7- 9 | 10-12 | 13-15 | 16-18 | 19-21 || total
-------------------------+-------+-------+-------+-------+-------+-------+-------++-------
Melee: Dagger            |     8 |     6 |     6 |    32 |       |       |       ||    52
       Unarmed           |     1 |       |       |       |       |       |       ||     1
       Short sword       |       |       |     5 |    54 |     5 |       |       ||    64
       Falchion          |       |       |       |       |   122 |   182 |   100 ||   404
       Staff             |       |       |       |       |       |     1 |       ||     1
 Cast: Flame Tongue      |    69 |    63 |   108 |   188 |   116 |    58 |     5 ||   607
       Throw Flame       |    10 |    35 |    37 |    36 |     7 |     5 |       ||   130
       Sticky Flame      |       |     2 |    28 |    59 |    83 |   103 |    28 ||   303
       Fireball          |       |     1 |    10 |    97 |   323 |   311 |    86 ||   828
       Shock             |       |       |    10 |    24 |    21 |     2 |       ||    57
       Static Discharge  |       |       |       |    15 |    29 |     3 |     2 ||    49
       Irradiate         |       |       |       |    12 |    20 |    33 |     4 ||    69
       Olgreb's Toxic Ra |       |       |       |       |    23 |    59 |       ||    82
       Lightning Bolt    |       |       |       |       |    22 |    40 |     8 ||    70
       Force Lance       |       |       |       |       |     3 |    61 |    26 ||    90
       Bolt of Cold      |       |       |       |       |     2 |     4 |       ||     6
       Freezing Cloud    |       |       |       |       |       |    18 |     6 ||    24
       Ignition          |       |       |       |       |       |    61 |    65 ||   126
Evoke: Wand              |       |       |       |     3 |     3 |    10 |       ||    16
  Use: Scroll            |       |       |       |    18 |    16 |    23 |     3 ||    60
       Potion            |       |       |       |    12 |     2 |     2 |     3 ||    19
 Stab: Sleeping          |       |       |     1 |       |     1 |     1 |     2 ||     5
       Distracted        |       |       |       |       |       |       |     1 ||     1
  Eat: Chunk             |     2 |     6 |    11 |    21 |    36 |    30 |    15 ||   121
       Ration            |       |       |     1 |     2 |     2 |     8 |       ||    13
Armor: Robe              |     5 |     5 |       |    12 |    43 |    76 |    14 ||   155
       Ring mail         |       |       |    15 |    26 |       |       |       ||    41
       Leather armour    |       |       |       |     6 |       |       |       ||     6
Dodge: Dodged            |    29 |    25 |    34 |    93 |   198 |   420 |    96 ||   895
Block: Other             |       |       |    16 |    38 |    28 |       |       ||    82
       Reflection        |       |       |     1 |       |    12 |    18 |    18 ||    49
       Buckler           |       |       |       |       |    69 |   386 |    95 ||   550
       Rpst.: Falchion   |       |       |       |       |    81 |    61 |    12 ||   154
